AoeStats
← AhHeck

Acropolis

503167893Analyzed
1v1 RM · 1mo ago on Aug 30, 2026· 29m 16s· 2 players
Game mode
Random Map
Map size
Tiny (2 player)
Population
200
Speed
Normal
Resources
Standard
Victory
Conquest
Starting age
Dark Age
Ending age
Imperial Age
RankedLock teamsTeams togetherTeam positionsShared explorationLock speedFull tech treeHidden civsTurbo modeCheats
Victory
Defeat
🇦🇷 Tatars · Argentina
819
+17
🇬🇧 Bulgarians · United Kingdom
845
-41
tomsi
10:29 Feudal Age
9:28 Loom
12:48 Double-Bit Axe
16:44 Wheelbarrow
19:37 Castle Age
18:56 Fletching
20:38 Bodkin Arrow
22:18 Hand Cart
AhHeck
14:12 Feudal Age
15:28 Wheelbarrow
14:50 Town Watch
14:56 Horse Collar
15:18 Double-Bit Axe
18:26 Gold Mining
18:27 Stone Mining
27:27 Castle Age
28:34 Hand Cart
Connection lost

Rejoining the realm…

Still unreachable

The connection could not be restored.

Session expired

The server has moved on; the page needs a fresh start.